 Dungeon Crawl Stone Soup version 0.28-a0-1002-gf00fe891ef (webtiles) character file.

Game seed: 4071351091952896162

90 Umoon2 the Ducker (level 4, -10/35 HPs)
             Began as a Demonspawn Gladiator on Dec 7, 2021.
             Mangled by Crazy Yiuf (12 damage)
             ... on level 3 of the Dungeon.
             The game lasted 00:02:54 (3420 turns).

Umoon2 the Ducker (Demonspawn Gladiator)            Turns: 3420, Time: 00:02:54

Health: -10/35     AC:  6    Str: 16    XL:     4   Next: 32%
Magic:  4/4        EV: 12    Int: 10    God:
Gold:   126        SH:  4    Dex: 14    Spells: 3/3 levels left

rFire   . . .      SeeInvis .   a - +0 rapier
rCold   . . .      Faith    .   (no shield)
rNeg    . . .      Spirit   .   n - +0 ring mail
rPois   .          Reflect  .   c - +0 helmet
rElec   .          Harm     .   (no cloak)
rCorr   .          Rampage  .   (no gloves)
Will    .....                   (no boots)
Stlth   +.........              (no amulet)
HPRegen 0.11/turn               (no ring)
MPRegen 0.09/turn               (no ring)

@: no status effects
A: large bone plates 1, foul stench 1
a: no special abilities


You were on level 3 of the Dungeon.
You visited 1 branch of the dungeon, and saw 3 of its levels.

You collected 126 gold pieces.

Inventory:

Hand Weapons
 a - a +0 rapier (weapon)
Missiles
 d - 3 throwing nets (quivered)
Armour
 b - a +0 leather armour
 c - a +0 helmet (worn)
 n - a +0 ring mail (worn)
Jewellery
 l - a ring of see invisible
Wands
 k - a wand of mindburst (14)
 q - a wand of flame (11)
Scrolls
 e - a scroll of enchant weapon {unknown}
 f - 4 scrolls of teleportation {unknown}
 g - a scroll of amnesia {unknown}
 i - 2 scrolls of identify {unknown}
 o - a scroll of fear {unknown}
Potions
 h - 3 potions of curing {unknown}
 j - a potion of ambrosia {unknown}
 m - a potion of heal wounds {unknown}
 p - a potion of brilliance {unknown}


   Skills:
 + Level 3.0 Fighting
 - Level 2.6 Short Blades
 - Level 1.7 Throwing
 + Level 1.9 Armour
 + Level 3.5 Dodging


You had 3 spell levels left.
You didn't know any spells.
Your spell library was empty.

Dungeon Overview and Level Annotations

Branches:
Dungeon (3/15)

Altars:
Ashenzari

Shops:
D:1 =   D:2 :

Annotations:
D:3 Crazy Yiuf


Innate Abilities, Weirdness & Mutations

You are partially covered in large bone plates. (SH +4)
You may rarely emit foul miasma when damaged in melee.


Message History

Found a mace.
Found two maces.
You see here a +0 mace.
Found seven maces.
Found a runed translucent door.
You see here a +0 mace.
No target in view!
Found a mace.
Crazy Yiuf shouts!
You see here a +0 mace.
You see here a +0 mace.
Found two maces and a glowing mace.
You see here a +0 mace.
You open the door.
Crazy Yiuf cries, "Defame tortoise rumpyflump!"
You puncture Crazy Yiuf!
Crazy Yiuf is moderately wounded.
Crazy Yiuf hits you with a +3 quarterstaff of chaos!
Crazy Yiuf burns you.
You barely miss Crazy Yiuf.
Crazy Yiuf is moderately wounded.
Crazy Yiuf barely misses you.
You hit Crazy Yiuf but do no damage.
Crazy Yiuf is moderately wounded.
Crazy Yiuf misses you.
You hit Crazy Yiuf but do no damage.
Crazy Yiuf is moderately wounded.
Crazy Yiuf hits you with a +3 quarterstaff of chaos!
Crazy Yiuf freezes you.
You closely miss Crazy Yiuf.
Crazy Yiuf is moderately wounded.
Crazy Yiuf barely misses you.
You hit Crazy Yiuf but do no damage.
Crazy Yiuf is moderately wounded.
Crazy Yiuf hits you but does no damage.
You hit Crazy Yiuf but do no damage.
Crazy Yiuf is moderately wounded.
Crazy Yiuf hits you with a +3 quarterstaff of chaos!
* * * LOW HITPOINT WARNING * * *
You convulse!
You die...

...#... ..# #.##.#
........# ####
#.##.# #........
...#<# #########
###### #########
........##♣♣♣♣♣
########.#.)♣)♣♣♣
###
#.......)♣))♣#)))#
#.......♣♣♣♣@g)).#
#.#..#.♣♣ ♣♣#)))#
#.####♣♣ ### #


You could see Crazy Yiuf.

Vanquished Creatures
  2 adders (D:2)
  7 orcs (D:3)
  4 endoplasms
  7 giant cockroaches
  5 hobgoblins
  3 quokkas
  7 ball pythons
  4 bats
  4 frilled lizards
  6 goblins
  6 kobolds
  7 rats
62 creatures vanquished.

Vanquished Creatures (others)
  3 plants (D:1)
3 creatures vanquished.

Grand Total: 65 creatures vanquished

Notes
Turn   | Place    | Note
-------+----------+-------------------------------------------
     0 | D:1      | Umoon2 the Demonspawn Gladiator began the quest for the
                  | Orb.
     0 | D:1      | Reached XP level 1. HP: 16/16 MP: 1/1
   185 | D:1      | Found Xykkecs's Jewellery Shoppe.
   366 | D:1      | Gained mutation: You may rarely emit foul miasma when
                  | damaged in melee. [demonic ancestry]
   366 | D:1      | Reached XP level 2. HP: 18/22 MP: 2/2
   576 | D:1      | Reached skill level 1 in Armour
  1144 | D:1      | Gained mutation: You are partially covered in large bone
                  | plates. (SH +4) [demonic ancestry]
  1144 | D:1      | Reached XP level 3. HP: 27/28 MP: 3/3
  1678 | D:2      | HP: 1/28 [adder (1)]
  2232 | D:2      | Found Zickulakh's Book Shoppe.
  2271 | D:2      | Reached XP level 4. HP: 34/34 MP: 4/4
  2392 | D:2      | Found a broken altar of Ashenzari.
  3409 | D:3      | Found a runed translucent door.
  3410 | D:3      | Noticed Crazy Yiuf
  3420 | D:3      | Mangled by Crazy Yiuf

Illustrated notes

Levels and vault maps discovered:
D:1:      dpeg_arrival_water_temple_mockup, layout_basic, serial_forest,
          infiniplex_forest_end_2, infiniplex_forest_fountain,
          infiniplex_forest_lined_2, infiniplex_forest_straight_4,
          infiniplex_forest_lined_corner, serial_shops, shop,
          kennysheep_nondescript, st_stairs_2
D:2:      layout_basic, serial_shops, nicolae_shop_hallway_plus,
          nrook_mini_vaults, kennysheep_flooded_box
D:3:      layout_basic, nicolae_elevator_lobby_plus, uniq_sigmund, uniq_terence,
          uniq_crazy_yiuf_cottage

Skill      XL: |  1  2  3  4 |
---------------+-------------+-----
Armour         | 1 |  1.9
Dodging        | 3 |  3.5
Fighting       | 3 |  3.0
Short Blades   | |  2.6
Throwing       | |  1.7

Action                   |  1- 3 |  4- 6 || total
-------------------------+-------+-------++-------
Melee: Rapier            |   158 |    57 ||   215
Armor: Leather armour    |    50 |       ||    50
       Ring mail         |       |     4 ||     4
Dodge: Dodged            |   125 |    29 ||   154
Block: Other             |    18 |    11 ||    29

Table legend: (Time is in decaauts)
 A = Elapsed time spent in this place.
 B = Non-inter-level travel time spent in this place.
 C = Inter-level travel time spent in this place.
 D = Time resting spent in this place.
 E = Time spent auto-exploring this place.
 F = Levels seen in this place.
 G = Mean time per level.
                   A        B        C        D        E       F      G
               +--------+--------+--------+--------+--------+-----+--------+
         Total |   3434 |   3395 |     39 |    738 |   2205 |   3 | 1144.7 |
       Dungeon |   3434 |   3395 |     39 |    738 |   2205 |   3 | 1144.7 |
               +--------+--------+--------+--------+--------+-----+--------+

Top non-repeatable levels by time:
     D:1: 1642 daAuts
     D:2: 979 daAuts
     D:3: 812 daAuts
